[Event "IRI-ch Men Final 2015"]
[Site "Tehran"]
[Date "2016.01.20"]
[Round "1.1"]
[White "Firouzja, Alireza"]
[Black "Mosadeghpour, Masoud"]
[Result "1-0"]
[ECO "C24"]
[WhiteElo "2455"]
[BlackElo "2475"]
[PlyCount "63"]
[EventDate "2016.??.??"]
[EventCountry "IRI"]
[TimeControl "40/5400+30:1800+30"]

1. e4 e5 2. Bc4 Nf6 3. d3 c6 4. Nf3 d5 5. Bb3 Bb4+ 6. Bd2 Bxd2+ 7. Qxd2 dxe4 8. Nxe5 O-O 9. dxe4 Qe7 10. Qf4 Be6 11. Bxe6 Qxe6 12. f3 c5 13. Nc3 Re8 14. Nd3 c4 15. Nf2 Qb6 16. Qc1 Nc6 17. O-O Rad8 18. Kh1 Rd4 19. Nfd1 Red8 20. Ne3 Qc5 21. Nf5 Rd2 22. Nd5 R2xd5 23. exd5 Rxd5 24. Ng3 c3 25. bxc3 Qxc3 26. Rd1 Nb4 27. Qf4 h5 28. Nf5 Rxd1+ 29. Rxd1 Qxc2 30. Rc1 Qb2 31. Qg5 Ne8 32. Re1 1-0

[Event "IRI-ch Men Final 2015"]
[Site "Tehran"]
[Date "2016.01.20"]
[Round "1.2"]
[White "Gholami, Aryan"]
[Black "Noroozi, Omid"]
[Result "1-0"]
[ECO "B50"]
[WhiteElo "2398"]
[BlackElo "2399"]
[PlyCount "59"]
[EventDate "2016.??.??"]
[EventCountry "IRI"]
[TimeControl "40/5400+30:1800+30"]

1. e4 c5 2. Nf3 d6 3. c3 Nf6 4. Be2 g6 5. O-O Bg7 6. Bb5+ Bd7 7. Bxd7+ Qxd7 8.
Re1 Nc6 9. d4 cxd4 10. cxd4 d5 11. e5 Ne4 12. Nc3 Nxc3 13. bxc3 O-O 14. h4 Rfc8 15. h5 Nd8 16. Bd2 Rc6 17. g3 Qg4 18. hxg6 fxg6 19. Kg2 Nf7 20. Qb3 Qd7 {[%emt 0:00:24] [#]} 21. e6 $1 Rxe6 22. Rxe6 Qxe6 23.
Qxb7 Rf8 {[%emt 0:00:23] Already in depseration mode, Black
plays for counterplay on the f-file. Unfortunately he will never have the time
to make use of it.} 24. Re1 Qf5 25. Rxe7 Kh8 26. Qd7 Qf6 27. Bf4 g5 28. Nxg5 Nxg5 {[%emt 0:00:02] [#]} 29. Rxg7 $1 Ne6 ({
If} 29... Qxg7 $2 30. Be5 Rf6 {is mate after} 31. Qc8+ Qg8 32. Bxf6#) 30. Rg4
1-0

[Event "IRI-ch Men Final 2015"]
[Site "Tehran"]
[Date "2016.01.20"]
[Round "1.5"]
[White "Javanbakht, Nima"]
[Black "Maghsoodloo, Parham"]
[Result "0-1"]
[ECO "D86"]
[WhiteElo "2422"]
[BlackElo "2450"]
[PlyCount "114"]
[EventDate "2016.??.??"]
[EventCountry "IRI"]
[TimeControl "40/5400+30:1800+30"]

1. d4 Nf6 2. c4 g6 3. Nc3 d5 4. cxd5 Nxd5 5. e4 Nxc3 6. bxc3 Bg7 7. Bc4 c5 8.
Ne2 O-O 9. O-O Nc6 10. Be3 b6 11. Qd2 Bb7 12. Rac1 Rc8 13. Rfd1 cxd4 14. cxd4
Qd7 15. Bb5 a6 16. Ba4 b5 17. Bb3 e6 18. h4 Qd8 19. Bg5 Qd6 20. h5 e5 21. d5
Nb8 22. h6 Bh8 23. Qa5 Nd7 24. Rxc8 Rxc8 25. Rc1 Bf6 26. Rxc8+ Bxc8 27. Bxf6
Nxf6 28. f3 Kf8 29. a4 Bd7 30. axb5 axb5 31. Kh2 Ne8 32. Qd2 Qc5 33. Nc1 Ke7
34. Nd3 Qd4 35. f4 Nf6 36. fxe5 Ng4+ 37. Kg3 Nxe5 38. Bc2 f6 39. Qb4+ Qxb4 40.
Nxb4 Kd6 41. Nd3 Nf7 42. Kf4 g5+ 43. Ke3 Nxh6 44. Kd4 Ng4 45. Bd1 Ne5 46. Nc5
Be8 47. Ne6 Bd7 48. Nc5 Bc8 49. Be2 b4 50. Na4 g4 51. Nb6 Bd7 52. g3 h5 53.
Nc4+ Nxc4 54. Kxc4 Bb5+ 55. Kxb5 b3 56. Kc4 b2 57. e5+ fxe5 {Kd4} 0-1

[Event "IRI-ch Men Final 2015"]
[Site "Tehran"]
[Date "2016.01.20"]
[Round "1.6"]
[White "Khamisi, S Jafar"]
[Black "Ghaem Maghami, Ehsan"]
[Result "0-1"]
[ECO "B90"]
[WhiteElo "2279"]
[BlackElo "2594"]
[PlyCount "66"]
[EventDate "2016.??.??"]
[EventCountry "IRI"]
[TimeControl "40/5400+30:1800+30"]

1. e4 c5 2. Nf3 d6 3. d4 cxd4 4. Nxd4 Nf6 5. Nc3 a6 6. h3 e6 7. g4 b5 8. Bg2 Bb7 9. O-O b4 10. Nd5 exd5 11. exd5 Be7 12. g5 Nfd7 13. Nc6 Qc7 14. Nxe7 Kxe7 15. Qd4 Kf8 16. Bf4 a5 17. Rae1 Na6 18. Re2 Qb6 19. Qe4 Kg8 20. Qf5 Ne5 21. Bxe5 dxe5 22. Rxe5 Rf8 23. Rfe1 h6 24. h4 hxg5 25. hxg5 Qd6 26. R1e3 Nc5 27. Kf1 Bc8 28. Qf3 a4 29. Ke1 b3 30. axb3 axb3 31. Kd2 bxc2 32. Kxc2 g6 33. Bf1 Bf5+ 0-1

[Event "IRI-ch Men Final 2015"]
[Site "Tehran"]
[Date "2016.01.20"]
[Round "1.3"]
[White "Lorparizangeneh, Shahin"]
[Black "Darini, Pouria"]
[Result "1/2-1/2"]
[ECO "A35"]
[WhiteElo "2442"]
[BlackElo "2474"]
[PlyCount "63"]
[EventDate "2016.??.??"]
[EventCountry "IRI"]
[TimeControl "40/5400+30:1800+30"]

1. Nf3 Nf6 2. c4 c5 3. Nc3 Nc6 4. g3 d5 5. d4 e6 6. cxd5 Nxd5 7. Bg2 cxd4 8. Nxd4 Nxc3 9. bxc3 Nxd4 10. Qxd4 Qxd4 11. cxd4 Bb4+ 12. Bd2 Bxd2+ 13. Kxd2 Ke7 14. Rhc1 Rd8 15. Rc7+ Rd7 16. Rac1 Kd8 17. Rxd7+ Kxd7 18. Kc3 Kd8 19. Kb4 Bd7 20. Rc5 Rb8 21. Ra5 a6 22. a4 b5 23. Rxa6 bxa4+ 24. Kc5 Ke7 25. Ra7 Rb2 26. Bf3 Rc2+ 27. Kb4 Kd6 28.
Ra6+ Ke7 29. Ra7 Kd6 30. Ra6+ Ke7 31. Ra7 Kd6 32.
Ra6+ {Ke5} 1/2-1/2

[Event "IRI-ch Men Final 2015"]
[Site "Tehran"]
[Date "2016.01.20"]
[Round "1.4"]
[White "Mousavi, Seyed Khalil"]
[Black "Bagheri, Maziar"]
[Result "1-0"]
[ECO "A05"]
[WhiteElo "2425"]
[BlackElo "2262"]
[PlyCount "109"]
[EventDate "2016.??.??"]
[EventCountry "IRI"]
[TimeControl "40/5400+30:1800+30"]

1. Nf3 Nf6 2. c4 e6 3. g3 d5 4. b3 Be7 5. Bg2 O-O 6. O-O c5 7. Bb2 Nc6 8. e3 dxc4 9. bxc4 Qb6 10. Qc1 Nb4 11. Ne1 Bd7 12. a3 Nc6 13.
d3 Rfd8 14. Nc3 a6 15. Rb1 Qc7 16. Nf3 Rab8 17. Ba1 Ng4 18. Ne4 Nce5 19. Qc3 f6 20. Nxe5 Nxe5 21. Rfc1 Bc6 22. d4 Nf7 23. Rd1 b6 24. Qb3 cxd4 25. exd4 Qd7 26. Re1 b5 27. d5 exd5 28. cxd5 Bxd5 29. Nxf6+ gxf6 30. Bxd5 Qxd5 31. Qxd5 Rxd5 32. Rxe7 Rd6 33. Kg2 Rc8 34. Rbe1 Rc2 35. R1e4 Rc4 36. Rxc4 bxc4 37. Rc7 Nd8 38. Rxc4 Nc6 39. Ra4 Ne7 40. Bd4 Nd5 41. Rc4 Kf7 42. Kf3 Ke6 43. h4 Kd7 44. Ke4 Nc7 45. a4 Re6+ 46. Kd3 Rd6 47. Kc2 Ne8 48. Bc3 Nc7 49. Rg4 Rc6 50. Rg7+ Ke6 51. Kd3 Rd6+ 52. Bd4 Nd5 53. Rxh7 Nb4+ 54. Kc4 Nc2 55. Bc5 {[%emt 0:00:00]
Kd5+} 1-0

[Event "IRI-ch Men Final 2015"]
[Site "Tehran"]
[Date "2016.01.21"]
[Round "2.5"]
[White "Bagheri, Maziar"]
[Black "Javanbakht, Nima"]
[Result "0-1"]
[ECO "A56"]
[WhiteElo "2262"]
[BlackElo "2422"]
[PlyCount "66"]
[EventDate "2016.??.??"]
[EventCountry "IRI"]
[TimeControl "40/5400+30:1800+30"]

1. d4 Nf6 2. c4 c5 3. Nf3 cxd4 4. Nxd4 e5 5. Nc2 b6 6. Nc3 Bb7 7. Bg5 Na6 8.
Qd2 Be7 9. f3 O-O 10. e4 Nc5 11. Be3 Rc8 12. Be2 Ne6 13. Nb5 Ra8 14. b4 Nh5 15.
Nd6 Bxd6 16. Qxd6 Nhf4 17. Bf1 f5 18. exf5 Rxf5 19. O-O-O Nf8 20. c5 bxc5 21.
Bc4+ Kh8 22. Bxc5 Nxg2 23. Rhg1 Nh4 24. Rg3 Bxf3 25. Rdg1 Nfg6 26. Be3 Rc8 27.
Bb5 Rc7 28. Kb2 Qb8 29. Bc5 Rf6 30. Qd3 a6 31. Rxg6 Nxg6 32. Bd6 Rxd6 33. Qxf3
axb5 0-1

[Event "IRI-ch Men Final 2015"]
[Site "Tehran"]
[Date "2016.01.21"]
[Round "2.2"]
[White "Darini, Pouria"]
[Black "Gholami, Aryan"]
[Result "1-0"]
[ECO "E46"]
[WhiteElo "2474"]
[BlackElo "2398"]
[PlyCount "71"]
[EventDate "2016.??.??"]
[EventCountry "IRI"]
[TimeControl "40/5400+30:1800+30"]

1. d4 Nf6 2. c4 e6 3. Nc3 Bb4 4. e3 O-O 5. Nge2 d5 6. a3 Bd6 7. Ng3 c6 8. Be2 a6 9. c5 Be7 10. b4 b6 11. Bd2 Nfd7 12. O-O a5 13. e4 bxc5 14. bxc5 Ba6 15. e5 f5 16. Bxa6 Nxa6 17. Qa4 Qc7 18. Nce2 Bd8 19. Rab1 Qc8 20. Rb2 Ra7 21. Nf4 Re8 22. Rfb1 Qa8 23. Nge2 Kf7 24. Nd3 Bc7 25. Qd1 Rb8 26. Nef4 Nf8 27. g4 Rxb2 28. Rxb2 fxg4 29. Qxg4 Qe8 30. Nh5 Ng6 31. Ndf4 Bd8 32. Nxg6 hxg6 33. Nf4 Re7 34. Nxg6 Rd7 35. Rb3 Kg8 36. Rh3 1-0

[Event "IRI-ch Men Final 2015"]
[Site "Tehran"]
[Date "2016.01.21"]
[Round "2.6"]
[White "Firouzja, Alireza"]
[Black "Mousavi, Seyed Khalil"]
[Result "1-0"]
[ECO "C15"]
[WhiteElo "2455"]
[BlackElo "2425"]
[PlyCount "43"]
[EventDate "2016.??.??"]
[EventCountry "IRI"]
[TimeControl "40/5400+30:1800+30"]

1. e4 e6 2. d4 d5 3. Nc3 Bb4 4. a3 Bxc3+ 5. bxc3 Ne7 6. Bd3 b6 7. c4 Ba6 8. cxd5 Bxd3 9. Qxd3 exd5 10. c4 c6 11. Nf3 O-O 12. O-O Qd6 13. a4 Re8 14. Ba3 Qg6 15.
cxd5 Nxd5 16. Ne5 Nf4 17. Qf3 Qf6 18. Ng4 Qxd4 19. Qxf4 Rxe4 20. Rae1 f5 21. Qxf5 Rxe1 22. Qf8# 1-0

[Event "IRI-ch Men Final 2015"]
[Site "Tehran"]
[Date "2016.01.21"]
[Round "2.3"]
[White "Ghaem Maghami, Ehsan"]
[Black "Lorparizangeneh, Shahin"]
[Result "1/2-1/2"]
[ECO "D91"]
[WhiteElo "2594"]
[BlackElo "2442"]
[PlyCount "81"]
[EventDate "2016.??.??"]
[EventCountry "IRI"]
[TimeControl "40/5400+30:1800+30"]

1. d4 Nf6 2. c4 g6 3. Nc3 d5 4. Nf3 Bg7 5. Bg5 Ne4 6. Bf4 Nxc3 7. bxc3 c5 8. e3
O-O 9. cxd5 cxd4 10. cxd4 Qxd5 11. Be2 Qa5+ 12. Qd2 Nc6 13. Qxa5 Nxa5 14. Kd2
Be6 15. Rhc1 Rac8 16. Bd3 Nc4+ 17. Ke2 b5 18. Nd2 Bd5 19. Be4 Bxe4 20. Nxe4
Rfd8 21. a4 b4 22. Nd2 e5 23. Rxc4 Rxc4 24. Nxc4 exf4 25. Rb1 Bf8 26. Kd3 fxe3
27. fxe3 f5 28. g3 Kg7 29. Rc1 Rc8 30. Rc2 Kf6 31. Na5 Rxc2 32. Kxc2 Ke6 33.
Nc6 Bh6 34. Nxa7 Bxe3 35. Nb5 Kd5 36. a5 Kc6 37. a6 Bg1 38. h3 g5 39. a7 Kb7
40. Nd6+ Kxa7 41. Nxf5 1/2-1/2

[Event "IRI-ch Men Final 2015"]
[Site "Tehran"]
[Date "2016.01.21"]
[Round "2.4"]
[White "Maghsoodloo, Parham"]
[Black "Khamisi, S Jafar"]
[Result "1-0"]
[ECO "A12"]
[WhiteElo "2450"]
[BlackElo "2279"]
[PlyCount "113"]
[EventDate "2016.??.??"]
[EventCountry "IRI"]
[TimeControl "40/5400+30:1800+30"]

1. c4 c6 2. Nf3 d5 3. b3 d4 4. Ba3 Bg4 5. Qc2 Bxf3 6. exf3 e5 7. Bb2 Nf6 8. g3 Nbd7 9. Bg2 Bd6 10. O-O Qb6 11. d3 h5 12. a3 a5 13. Nd2 O-O 14. Rfe1 g6 15. Bh3 c5 16. Bc1 Qc7 17. Ne4 Nxe4 18. fxe4 Kg7 19. Rf1 h4 20. Ra2 Rh8 21. Bg2 Rh7 22. Qd1 Rah8 23. f4 hxg3 24. hxg3 Qd8 25. f5 Be7 26. fxg6 fxg6 27. Qg4 Rf8 28. Raf2 Rxf2 29. Rxf2 Nf8 30. Bh3 Rh5 31. Kg2 Bf6 32. Bd2 b6 33. b4 axb4 34. axb4 Qc7 35. b5 Rh8 36. Bc1 Nh7 37. Qe6 Ra8 38. Qc6 Ra7 39. Qxc7+ Rxc7 40. Ra2 Bg5 41. Bxg5 Nxg5 42. Ra8 Rf7 43. Bg4 Rb7 44. Kf2 Rf7+ 45. Ke2 Rf8 46. Ra7+ Rf7 47. Ra6 Rb7 48. Ra8 Kh6 49. Re8 Ra7 50. Rb8 Ra2+ 51. Ke1 Rg2 52. Rxb6 Rxg3 53. Be2 Re3 54. Kd2 Nh3 55. Rf6 Kg7 56. Rf3 Rxf3 57. Bxf3 1-0

[Event "IRI-ch Men Final 2015"]
[Site "Tehran"]
[Date "2016.01.21"]
[Round "2.1"]
[White "Mosadeghpour, Masoud"]
[Black "Noroozi, Omid"]
[Result "1-0"]
[ECO "B96"]
[WhiteElo "2475"]
[BlackElo "2399"]
[PlyCount "50"]
[EventDate "2016.??.??"]
[EventCountry "IRI"]
[TimeControl "40/5400+30:1800+30"]

1. e4 c5 2. Nf3 d6 3. d4 cxd4 4. Nxd4 Nf6 5. Nc3 a6 6. Bg5 e6 7. f4 Nbd7 8. Qe2
Qc7 9. O-O-O h6 10. Bh4 Be7 11. g4 b5 12. Bg2 b4 13. e5 bxc3 14. Bxa8 dxe5 15.
Nc6 Qb6 16. b3 Ba3+ 17. Kb1 exf4 18. Bxf6 gxf6 19. Qc4 O-O 20. Qxf4 Re8 21. h4
Bf8 22. g5 Qc5 23. gxf6 Qa3 24. Qg3+ Kh8 25. Qxc3 Nb6 1-0

[Event "IRI-ch Men Final 2015"]
[Site "Tehran"]
[Date "2016.01.21"]
[Round "3"]
[White "Gholami, Aryan"]
[Black "Ghaem Maghami, Ehsan"]
[Result "1/2-1/2"]
[ECO "B50"]
[WhiteElo "2398"]
[BlackElo "2594"]
[PlyCount "55"]
[EventDate "2016.??.??"]
[EventCountry "IRI"]
[TimeControl "40/5400+30:1800+30"]

1. e4 c5 2. Nf3 d6 3. c3 Nf6 4. Be2 g6 5. O-O Bg7 6. Bb5+ Nc6 7. d4 O-O 8. e5 Nd5 9. dxc5 dxe5 10. Re1 Nc7 11. Qxd8 Rxd8 12. Ba4 f5 13. Na3 h6 14. Bxc6 bxc6 15. Nc4 e4 16. Nd4 Be6 17. Na5 Bxd4 18. cxd4 Bd5 19. Bxh6 Ne6 20. Be3 Rab8 21. b3 Rb5 22. Nc4 f4 23. Bd2 Nxd4 24. Na3 Rxc5 25. Bb4 Rc2 26. Rad1 e3 27. Nxc2 Nxc2 28. fxe3 1/2-1/2

[Event "IRI-ch Men Final 2015"]
[Site "Tehran"]
[Date "2016.01.21"]
[Round "3"]
[White "Javanbakht, Nima"]
[Black "Firouzja, Alireza"]
[Result "1/2-1/2"]
[ECO "A05"]
[WhiteElo "2422"]
[BlackElo "2455"]
[PlyCount "94"]
[EventDate "2016.??.??"]
[EventCountry "IRI"]
[TimeControl "40/5400+30:1800+30"]

1. Nf3 Nf6 2. c4 g6 3. Nc3 Bg7 4. e4 d6 5. d4 O-O 6. h3 e5 7. dxe5 dxe5 8. Qxd8 Rxd8 9. Bg5 Na6 10. Nd5 Rd6 11. Bxf6 Bxf6 12. b4 c6 13. Nxf6+ Rxf6 14. a3 c5 15. b5 Nc7 16. Bd3 Rd6 17. O-O-O f6 18. Be2 Rxd1+ 19. Rxd1 Ne6 20. a4 Kf8 21. a5 a6 22. b6 Ke7 23. Nd2 h5 24. Kb2 Bd7 25. Kc3 Bc6 26. f3 h4 27. Re1 Nf4 28.
Bf1 Rd8 29. Nb3 Ne6 30. Ra1 f5 31. Bd3 Kf6 32. Bc2 Be8 33.
Bd3 Rc8 34. Bc2 Bf7 35. Rd1 Nd4 36. Bd3 Nxb3 37. Kxb3 Rd8 38. Kc3 Kg5 39. exf5 gxf5 40. f4+ Kxf4 41. Rf1+ Kg3 42. Bxf5 Kxg2 43. Re1 Rd4 44. Rxe5 Rxc4+ 45. Kd3 Kf2 46. Be4 Rd4+ 47. Kc3 Rc4+ 1/2-1/2

[Event "IRI-ch Men Final 2015"]
[Site "Tehran"]
[Date "2016.01.21"]
[Round "3"]
[White "Khamisi, S Jafar"]
[Black "Bagheri, Maziar"]
[Result "1-0"]
[ECO "C41"]
[WhiteElo "2279"]
[BlackElo "2262"]
[PlyCount "81"]
[EventDate "2016.??.??"]
[EventCountry "IRI"]
[TimeControl "40/5400+30:1800+30"]

1. e4 e5 2. Nf3 d6 3. d4 exd4 4. Nxd4 g6 5. Nc3 Bg7 6. Be3 Nf6 7. Qd2 h6 8. f3 Nc6 9. Nde2 Ne5 10. b3 Bd7 11. O-O-O a5 12. Nd4 a4 13. b4 a3 14. b5 c6 15. f4 Neg4 16. Bg1 Nh5 17. g3 O-O 18.
Nb3 c5 19. e5 Be6 20. Qe2 c4 21. Nd4 Bc8 22. exd6 Qxd6 23. Qxc4 Re8 24. Bg2 Qf8 25. Nd5 Rd8 26. Bf3 Bf5 27. Nxf5 gxf5 28. Bc5 Rac8 29. Bxf8 Rxc4 30. Be7 Rd7 31. Bxa3 Kh8 32. Rhe1 Ra4 33. Re8+ Kh7 34. Bxg4 fxg4 35. Bb2 Rxa2 36. Bxg7 Kxg7 37. Kb1 Ra4 38. Rd3 Rc4 39. Re5 Rc5 40. Rxh5 Rxb5+ 41. Kc1 1-0

[Event "IRI-ch Men Final 2015"]
[Site "Tehran"]
[Date "2016.01.21"]
[Round "3"]
[White "Lorparizangeneh, Shahin"]
[Black "Maghsoodloo, Parham"]
[Result "1/2-1/2"]
[ECO "A22"]
[WhiteElo "2442"]
[BlackElo "2450"]
[PlyCount "100"]
[EventDate "2016.??.??"]
[EventCountry "IRI"]
[TimeControl "40/5400+30:1800+30"]

1. c4 Nf6 2. Nc3 e5 3. g3 Bb4 4. Bg2 O-O 5. Nf3 Nc6 6. O-O e4 7. Ng5 Bxc3 8. bxc3 Re8 9. f3 exf3 10. Nxf3 Qe7 11. d4 h6 12. Nh4 d6 13. e3 Bg4 14. Qd3 Qd7 15. Nf5 Bxf5 16. Rxf5 Ne7 17. Rf1 c6 18. e4 Qe6 19. d5 Qg4 20. Bxh6 Ng6 21. Bf4 Ne5 22. Bxe5 Rxe5 23. dxc6 bxc6 24. Qxd6 Rae8 25. Rae1 Qe6 26.
Qxe6 R8xe6 27. Rd1 c5 28. Rd8+ Kh7 29. Rf8 Re7 30. Rc8 Nxe4 31. Bxe4+ Rxe4 32. Rxc5 Re3 33. Rcf5 f6 34. R5f3 R3e4 35. Rf4 Re3 36. Rc1 Re2 37. Rf2 R2e4 38. Rb2 Rxc4 39. Rb4 Rc5 40. Rc2 Re3 41. Rh4+ Kg6 42. c4 Kf5 43. Kf2 Re4 44. Rxe4 Kxe4 45. Re2+ Kf5 46. Re7 Rxc4 47. Rxa7 Rc2+ 48. Kf3 Rxh2 49. Rxg7 Rxa2 50. g4+ Ke5 {Ke4+}
1/2-1/2

[Event "IRI-ch Men Final 2015"]
[Site "Tehran"]
[Date "2016.01.21"]
[Round "3"]
[White "Mousavi, Seyed Khalil"]
[Black "Mosadeghpour, Masoud"]
[Result "0-1"]
[ECO "A16"]
[WhiteElo "2425"]
[BlackElo "2475"]
[PlyCount "62"]
[EventDate "2016.??.??"]
[EventCountry "IRI"]
[TimeControl "40/5400+30:1800+30"]

1. c4 Nf6 2. Nc3 d5 3. cxd5 Nxd5 4. Nf3 g6 5. h4 Bg7 6. h5 Nc6 7. g3 Bf5 8. a3 Nxc3 9. bxc3 Qd5 10. Bb2 Qb5 11. Ra2 Qb6 12. Ba1 O-O-O 13. Bg2 Be6 14. Rb2 Qa6 15. d4 Bd5 16. h6 Bf8 17. Qb1 f5 18.
Kf1 e5 19. Nxe5 Nxe5 20. Bxd5 Rxd5 21. dxe5 Bxa3 22. Ra2 Rhd8 23. Kg2 Qc6 24. e4 Rd2 25. Rxd2 Rxd2 26. Rh4 g5 27. Rh5 Bc5 28. Qe1 Rxf2+ 29. Qxf2 Bxf2 30. Kxf2 Qc5+ 31. Kg2 Qe3 0-1

[Event "IRI-ch Men Final 2015"]
[Site "Tehran"]
[Date "2016.01.21"]
[Round "3"]
[White "Noroozi, Omid"]
[Black "Darini, Pouria"]
[Result "0-1"]
[ECO "D85"]
[WhiteElo "2399"]
[BlackElo "2474"]
[PlyCount "73"]
[EventDate "2016.??.??"]
[EventCountry "IRI"]
[TimeControl "40/5400+30:1800+30"]

1. d4 Nf6 2. c4 g6 3. Nc3 d5 4. cxd5 Nxd5 5. e4 Nxc3 6. bxc3 Bg7 7. Nf3 c5 8.
Bb5+ Nc6 9. d5 a6 10. Be2 Ne5 11. Nxe5 Bxe5 12. O-O e6 13. Be3 b6 14. Qa4+ Bd7 15. Qb3 exd5 16. Qxd5 Bxc3 17. Rad1 Ba4 18. Qxd8+ Rxd8 19. Rxd8+ Kxd8 20. Bxa6 Kc7 21.
Bf4+ Kc6 22. Bc4 f6 23. Bd5+ Kb5 24. Rc1 Bd4 25. Kf1 Ka6 26. Ke2 Bb5+ 27. Kf3 Rd8 28. Be3 Be5 29. Bf4 Bd4 30. Be3 f5 31. Bxd4 cxd4 32. Rd1 fxe4+ 33. Kxe4 d3 34. a4 Bxa4 35. Ra1 Kb5 36. Rb1+ Ka5 37. Ra1 0-1

[Event "IRI-ch Men Final 2015"]
[Site "Tehran"]
[Date "2016.01.22"]
[Round "4"]
[White "Mosadeghpour, Masoud"]
[Black "Darini, Pouria"]
[Result "1/2-1/2"]
[ECO "B22"]
[WhiteElo "2475"]
[BlackElo "2474"]
[PlyCount "81"]
[EventDate "2016.??.??"]
[EventCountry "IRI"]
[TimeControl "40/5400+30:1800+30"]

1. e4 c5 2. d4 cxd4 3. c3 Nf6 4. e5 Nd5 5. Nf3 e6 6. cxd4 d6 7. Nc3 Nxc3 8.
bxc3 Qc7 9. Bd2 Nd7 10. exd6 Bxd6 11. Bd3 b6 12. O-O Bb7 13. Re1 O-O 14. Rc1
Bf4 15. Ne5 Bxd2 16. Qxd2 Nxe5 17. Rxe5 Rac8 18. Rh5 g6 19. Rh3 f5 20. Re3 Qf4
21. Qe1 Qg5 22. Bf1 f4 23. Re5 Rf5 24. Rxf5 Qxf5 25. f3 Bd5 26. Qd2 Qf7 27. Ba6
Rd8 28. Re1 Rd6 29. Re5 Qc7 30. Bb5 a6 31. Bxa6 Rc6 32. Qxf4 Rxc3 33. h4 Ra3
34. Bb5 Rxa2 35. h5 Qc2 36. Rg5 Qf2+ 37. Kh2 Qxf3 38. Qxf3 Bxf3 39. Bc4 Rd2 40.
hxg6 hxg6 41. Rxg6+ 1/2-1/2

[Event "IRI-ch Men Final 2015"]
[Site "Tehran"]
[Date "2016.01.22"]
[Round "4"]
[White "Ghaem Maghami, Ehsan"]
[Black "Noroozi, Omid"]
[Result "1-0"]
[ECO "A22"]
[WhiteElo "2594"]
[BlackElo "2399"]
[PlyCount "55"]
[EventDate "2016.??.??"]
[EventCountry "IRI"]
[TimeControl "40/5400+30:1800+30"]

1. c4 e5 2. Nc3 Nf6 3. g3 Bb4 4. Bg2 O-O 5. Nf3 Re8 6. O-O c6 7. d3 h6 8. e4
Bxc3 9. bxc3 d5 10. exd5 cxd5 11. d4 exd4 12. Nxd4 a6 13. cxd5 Nxd5 14. Qb3 Nf6
15. Bf4 Nbd7 16. Rad1 Qa5 17. Qb4 Qxb4 18. cxb4 Ne4 19. Rc1 Ndf6 20. Rfe1 g5
21. Be3 Nd6 22. Nb3 Be6 23. Bd4 Nd5 24. Nc5 Rab8 25. Nxe6 fxe6 26. Rxe6 Rxe6
27. Bxd5 Kf7 28. Rc7+ 1-0

[Event "IRI-ch Men Final 2015"]
[Site "Tehran"]
[Date "2016.01.22"]
[Round "4"]
[White "Maghsoodloo, Parham"]
[Black "Gholami, Aryan"]
[Result "0-1"]
[ECO "A01"]
[WhiteElo "2450"]
[BlackElo "2398"]
[PlyCount "64"]
[EventDate "2016.??.??"]
[EventCountry "IRI"]
[TimeControl "40/5400+30:1800+30"]

1. b3 e5 2. Bb2 Nc6 3. e3 Nf6 4. Nc3 d5 5. d4 exd4 6. exd4 Bd6 7. Qd2 O-O 8.
O-O-O Bf5 9. Bd3 Nxd4 10. Bxf5 Nxf5 11. Nxd5 Ne4 12. Qe2 Re8 13. Nh3 Qh4 14.
Qf3 Qh6+ 15. Kb1 Nh4 16. Qd3 c6 17. f3 cxd5 18. fxe4 Bf8 19. Qxd5 Nxg2 20. Ng5
Qh5 21. Rdg1 Rad8 22. Qxb7 Qxg5 23. e5 Rd2 24. Bc1 Red8 25. Bxd2 Rxd2 26. Qc6
Qg4 27. a4 g6 28. h3 Qd4 29. Qe8 Qe4 30. Rc1 Ne3 31. e6 fxe6 32. Qc8 Nxc2 0-1

[Event "IRI-ch Men Final 2015"]
[Site "Tehran"]
[Date "2016.01.22"]
[Round "4"]
[White "Bagheri, Maziar"]
[Black "Lorparizangeneh, Shahin"]
[Result "1/2-1/2"]
[ECO "B19"]
[WhiteElo "2262"]
[BlackElo "2442"]
[PlyCount "45"]
[EventDate "2016.??.??"]
[EventCountry "IRI"]
[TimeControl "40/5400+30:1800+30"]

1. e4 c6 2. d4 d5 3. Nc3 dxe4 4. Nxe4 Bf5 5. Ng3 Bg6 6. h4 h6 7. Nf3 Nd7 8. h5
Bh7 9. Bd3 Bxd3 10. Qxd3 e6 11. Bf4 Qa5+ 12. Bd2 Bb4 13. c3 Be7 14. c4 Qc7 15.
O-O-O Ngf6 16. Kb1 Rd8 17. Qe2 O-O 18. Ne5 c5 19. Ng6 Rfe8 20. Nxe7+ Rxe7 21.
d5 Ne5 22. Bf4 exd5 23. Rhe1 1/2-1/2

[Event "IRI-ch Men Final 2015"]
[Site "Tehran"]
[Date "2016.01.22"]
[Round "4"]
[White "Firouzja, Alireza"]
[Black "Khamisi, S Jafar"]
[Result "1-0"]
[ECO "A07"]
[WhiteElo "2455"]
[BlackElo "2279"]
[PlyCount "71"]
[EventDate "2016.??.??"]
[EventCountry "IRI"]
[TimeControl "40/5400+30:1800+30"]

1. Nf3 d5 2. g3 Nf6 3. Bg2 c6 4. O-O Bf5 5. d3 h6 6. Nbd2 e6 7. b3 Be7 8. Bb2
Nbd7 9. Re1 O-O 10. e4 dxe4 11. dxe4 Bh7 12. Qe2 Qc7 13. a3 a5 14. Rad1 Rfd8
15. e5 Nd5 16. Ne4 Bf8 17. Rd2 b5 18. c4 bxc4 19. bxc4 N5b6 20. Nd6 Na4 21. Ba1
Rab8 22. Red1 Rb6 23. Nd4 Nac5 24. Bc3 Ra6 25. f4 Be7 26. Qf3 Nb8 27. f5 exf5
28. N4xf5 Bxf5 29. Qxf5 Bg5 30. Re2 Rf8 31. Rf1 Ra7 32. Bd4 Ne6 33. Bxa7 Qxa7+
34. Kh1 Nd4 35. Qf2 c5 36. Rb2 1-0

[Event "IRI-ch Men Final 2015"]
[Site "Tehran"]
[Date "2016.01.22"]
[Round "4"]
[White "Mousavi, Seyed Khalil"]
[Black "Javanbakht, Nima"]
[Result "0-1"]
[ECO "D30"]
[WhiteElo "2425"]
[BlackElo "2422"]
[PlyCount "124"]
[EventDate "2016.??.??"]
[EventCountry "IRI"]
[TimeControl "40/5400+30:1800+30"]

1. c4 e6 2. Nf3 d5 3. d4 Nf6 4. e3 Be7 5. Bd3 O-O 6. O-O dxc4 7. Bxc4 a6 8. Qe2
b5 9. Bd3 Bb7 10. Rd1 Nbd7 11. b3 c5 12. dxc5 Qc7 13. b4 a5 14. Nc3 Bxf3 15.
gxf3 axb4 16. Nxb5 Qxc5 17. Bb2 Qb6 18. Nd4 Nc5 19. Bb5 Rfc8 20. Rdc1 Nd5 21.
a3 e5 22. axb4 Rxa1 23. Bxa1 Nxb4 24. Nf5 Qg6+ 25. Ng3 h5 26. Qb2 Bf8 27. Qb1
Qg5 28. h4 Qf6 29. f4 Qb6 30. Qf5 exf4 31. Nxh5 Rc7 32. Be5 Ra7 33. Bc4 fxe3
34. Kh2 exf2 35. Qg4 Qh6 36. Rf1 Nbd3 37. Bg3 Bd6 38. Qc8+ Kh7 39. Qf5+ Qg6 40.
Qxg6+ fxg6 41. Bxd6 gxh5 42. Bxc5 Nxc5 43. Rxf2 Ra4 44. Rf4 Kh6 45. Kg3 Ra3+
46. Kg2 Nd7 47. Be6 Nf6 48. Rd4 Kg6 49. Rf4 Ra5 50. Rd4 Re5 51. Bh3 Nd5 52. Kf3
Kf6 53. Re4 Rxe4 54. Kxe4 Ne7 55. Bd7 g6 56. Kf4 Nf5 57. Ba4 Nxh4 58. Bd1 Nf5
59. Ba4 g5+ 60. Ke4 Ng7 61. Bd1 Kg6 62. Ke5 g4 0-1

[Event "IRI-ch Men Final 2015"]
[Site "Tehran"]
[Date "2016.01.23"]
[Round "5"]
[White "Gholami, Aryan"]
[Black "Bagheri, Maziar"]
[Result "1-0"]
[ECO "D37"]
[WhiteElo "2398"]
[BlackElo "2262"]
[PlyCount "95"]
[EventDate "2016.??.??"]
[EventCountry "IRI"]
[TimeControl "40/5400+30:1800+30"]

1. d4 Nf6 2. Nf3 d5 3. c4 e6 4. Nc3 Be7 5. Bf4 O-O 6. e3 c5 7. dxc5 Bxc5 8.
cxd5 Nxd5 9. Nxd5 exd5 10. a3 Re8 11. b4 Bb6 12. Be2 Nc6 13. O-O a6 14. Qc2 Qf6
15. Bg5 Bf5 16. Bd3 Bxd3 17. Qxd3 Qe6 18. Rfd1 f6 19. Bf4 Rad8 20. b5 Ne5 21.
Bxe5 fxe5 22. Ng5 Qh6 23. Qf5 Re7 24. Rac1 Qh5 25. Rd2 d4 26. exd4 exd4 27.
bxa6 bxa6 28. Rd3 g6 29. Qf6 Qe2 30. Rdd1 Rde8 31. h4 Bc7 32. Nf3 d3 33. Qc3
Bb6 34. Rd2 Bxf2+ 35. Kh1 Qe3 36. Qc4+ Kg7 37. Qc3+ Kg8 38. Qb3+ Kg7 39. Qb2+
Kg8 40. Rxf2 Qf4 41. Qb3+ Kg7 42. Qc3+ Kh6 43. Qd2 Re3 44. Rcf1 R8e4 45. Nh2
Qe5 46. Rf3 Kg7 47. Rxe3 Rxe3 48. Ng4 1-0